 Dungeon Crawl Stone Soup version 0.28.0-49-g6dfe1f597d (webtiles) character file.

Game seed: 3265642995618640568

79 pkoi the Ruffian (level 3, 0/30 HPs)
             Began as a Demigod Gladiator on May 11, 2022.
             Slain by Sigmund
             ... wielding a +0 scythe
              (10 damage)
             ... on level 3 of the Dungeon on May 12, 2022.
             The game lasted 00:02:42 (2683 turns).

pkoi the Ruffian (Demigod Gladiator)                Turns: 2683, Time: 00:02:42

Health: 0/30       AC:  7    Str: 19    XL:     3   Next: 95%
Magic:  5/5        EV: 11    Int: 10    God:
Gold:   50         SH:  0    Dex: 15    Spells: 2/2 levels left

rFire   . . .      SeeInvis .     - Unarmed
rCold   . . .      Faith    .   (no shield)
rNeg    . . .      Spirit   .   e - +0 scale mail
rPois   .          Reflect  +   b - +0 helmet
rElec   .          Harm     .   (no cloak)
rCorr   .          Rampage  .   (no gloves)
Will    .....                   (no boots)
Stlth   ..........              l - amulet of reflection
HPRegen 0.10/turn               (no ring)
MPRegen 0.09/turn               (no ring)

@: confused
A: high MP 1, forlorn, divine attributes
a: no special abilities


You were on level 3 of the Dungeon.
You visited 1 branch of the dungeon, and saw 3 of its levels.

You collected 50 gold pieces.

Inventory:

Hand Weapons
 d - a +0 dagger
Missiles
 c - 3 throwing nets (quivered)
Armour
 a - a +0 leather armour
 b - a +0 helmet (worn)
 e - a +0 scale mail (worn)
Jewellery
 l - an amulet of reflection (around neck)
Scrolls
 h - 3 scrolls of identify {unknown}
 j - a scroll of summoning {unknown}
Potions
 f - a potion of might {unknown}
 g - a potion of curing {unknown}
 i - a potion of ambrosia {unknown}
 k - 2 potions of attraction {unknown}


   Skills:
 + Level 2.5 Fighting
 - Level 1.7 Throwing
 + Level 1.0 Armour
 - Level 3.0 Dodging
 * Level 3.7 Unarmed Combat


You had 2 spell levels left.
You didn't know any spells.
Your spell library contained the following spells:

 Spells                   Type           Power      Damage    Failure   Level
 Frozen Ramparts          Ice            0%         1d2       98%         3
 Ice Form                 Ice/Tmut       0%         N/A       100%        4
 Summon Ice Beast         Ice/Summ       0%         N/A       100%        4


Dungeon Overview and Level Annotations

Branches:
Dungeon (3/15)

Annotations:
D:3 Sigmund


Innate Abilities, Weirdness & Mutations

You have an increased reservoir of magic. (+10% MP)
You shall have no god before yourself.
Your divine heritage dramatically boosts your attributes as you level up.


Message History

The orc hits you with a +0 hand axe.
* * * LOW HITPOINT WARNING * * *
You closely miss the orc.
The orc is heavily wounded.
The orc closely misses you.
You hit the orc.
You kill the orc!
Things that are here:
a +0 hand axe; a +0 leather armour; an orc corpse You start resting.
You start resting.
HP restored.
There is a stone staircase leading down here.
You climb downwards.
Level annotation: Sigmund Sigmund gestures at you while chanting.
You are confused.
There is a stone staircase leading up here.
There are monsters nearby!
There are monsters nearby!
In your confused state, you trip and fall back down the stairs.
Sigmund hits you from afar with a +0 scythe.
The giant cockroach closely misses you.
Sigmund hits you from afar with a +0 scythe!
* * * LOW HITPOINT WARNING * * *
In your confused state, you trip and fall back down the stairs.
* * * LOW HITPOINT WARNING * * *
The giant cockroach bites you.
* * * LOW HITPOINT WARNING * * *
The adder bites you.
* * * LOW HITPOINT WARNING * * *
Unknown command.
The giant cockroach barely misses you. The adder barely misses you.
Sigmund hits you from afar with a +0 scythe.
* * * LOW HITPOINT WARNING * * *
In your confused state, you trip and fall back down the stairs.
* * * LOW HITPOINT WARNING * * *
The adder closely misses you. The giant cockroach barely misses you.
Sigmund hits you from afar with a +0 scythe!
You die...

#...... #.....#
#.....# #.....#
#.....# # # #.
#.....##.#..
#.##.###...........
#.#.>.....B@.......
#..........S.......
#........@........#
#+#...........####.##
..............# .#
.......<......# #
..............#
..............#
....#.###.S...#


You could see Sigmund, an adder and a giant cockroach.

Vanquished Creatures
  2 adders (D:2)
  2 dart slugs (D:1)
  An orc (D:2)
  6 ball pythons
  5 endoplasms
  3 goblins (D:1)
  5 hobgoblins
  3 jackals (D:2)
  4 kobolds
  5 quokkas
  3 bats
  3 frilled lizards
  8 rats
50 creatures vanquished.

Notes
Turn   | Place    | Note
-------+----------+-------------------------------------------
     0 | D:1      | pkoi the Demigod Gladiator began the quest for the Orb.
     0 | D:1      | Reached XP level 1. HP: 17/17 MP: 3/3
   382 | D:1      | Reached XP level 2. HP: 24/24 MP: 4/4
  1252 | D:2      | Reached XP level 3. HP: 29/29 MP: 5/5
  1685 | D:2      | Reached skill level 1 in Armour
  2519 | D:3      | Noticed Sigmund
  2683 | D:3      | Slain by Sigmund

Illustrated notes

Levels and vault maps discovered:
D:1:      dpeg_arrival_circle_labyrinth_a, layout_basic
D:2:      layout_basic
D:3:      layout_basic, nicolae_tso_carved_into_rock,
          ebering_ecumenical_altar_hall, uniq_sigmund, uniq_grinder

Skill      XL: |  1  2  3 |
---------------+----------+-----
Unarmed Combat | 3 |  3.7
Fighting       | 2 |  2.5
Dodging        | 3 |  3.0
Armour         | 1 |  1.0
Throwing       | |  1.7

Action                   || total
-------------------------++-------
Melee: Unarmed           ||   198
       Punch             ||     4
  Use: Scroll            ||     2
Armor: Leather armour    ||     9
       Scale mail        ||    99
Dodge: Dodged            ||   178
Block: Other             ||     7
